 Dungeon Crawl Stone Soup version 0.31-a0-216-g22e908daa7 (webtiles) character file.

Game seed: 3525540329776012990

1297 qw the Skirmisher (level 8, -9/68 HPs)
             Began as a Minotaur Hexslinger on July 1, 2023.
             Was an Initiate of Okawaru.
             Mangled by an orc warrior
             ... wielding a +0 hand axe
              (16 damage)
             ... on level 6 of the Dungeon.
             The game lasted 00:01:50 (5691 turns).

qw the Skirmisher (Minotaur Hexslinger)             Turns: 5691, Time: 00:01:50

Health: -9/68      AC:  4    Str: 12    XL:     8   Next: 31%
Magic:  8/10       EV: 16    Int: 10    God:    Okawaru [......]
Gold:   360        SH:  0    Dex: 16    Spells: 8/9 levels left

rFire   . . .        Y - +1 arbalest
rCold   + . .        (shield currently unavailable)
rNeg    + + .        h - +1 leather armour {rC+}
rPois   .            (helmet restricted)
rElec   +            (no cloak)
rCorr   .            (no gloves)
SInv    .            (no boots)
Will    +....        (no amulet)
Stlth   +++          l - ring of positive energy
HPRegen 0.31/turn    o - ring of positive energy
MPRegen 0.12/turn

%: no passive effects
@: about to teleport, heroic
A: horns 2, retaliatory headbutt, strong-willed 1, electricity resistance
a: Renounce Religion


You were on level 6 of the Dungeon.
You worshipped Okawaru.
Okawaru was noncommittal.
You visited 1 branch of the dungeon, and saw 6 of its levels.

You collected 360 gold pieces.


Innate Abilities, Weirdness & Mutations

You have a pair of horns on your head.
You reflexively headbutt those who attack you in melee.
You are strong-willed. (Will+)
You are resistant to electric shocks. (rElec)


   Skills:
 - Level 5.2(10.2) Fighting
 + Level 8.2(13.2) Ranged Weapons
 - Level 1.3(6.3) Armour
 - Level 4.1(9.1) Dodging
 - Level 1.0 Spellcasting
 - Level 2.0 Hexes
 - Level 4.0 Invocations


You had 8 spell levels left.
You knew the following spells:

 Your Spells              Type           Power      Damage    Failure   Level
a - Slow                  Hex            16%        N/A       19%         1

Your spell library contained the following spells:

 Spells                   Type           Power      Damage    Failure   Level
 Inner Flame              Hex/Fire       2%         N/A       63%         3
 Portal Projectile        Hex/Tloc       4%         N/A       63%         3
 Cause Fear               Hex            2%         N/A       88%         4

Inventory:

Hand Weapons
 Y - a +1 arbalest (weapon)
Armour
 f - a +0 pair of boots
 h - a +1 leather armour of cold resistance (worn)
Jewellery
 b - an amulet of faith
 l - a ring of positive energy (left hand)
 n - a ring of fire
 o - a ring of positive energy (right hand)
Scrolls
 a - a scroll of identify
 i - 2 scrolls of teleportation
Potions
 c - a potion of ambrosia {unknown}
 d - a potion of heal wounds {unknown}
 e - 3 potions of enlightenment
 g - a potion of haste {unknown}
 j - a potion of lignification {unknown}
 m - 3 potions of mutation
 p - a potion of brilliance {unknown}
 q - a potion of curing {unknown}

Dungeon Overview and Level Annotations

Branches:
Dungeon (6/15)             Temple (0/1) D:5

Altars:
Elyvilon
Kikubaaqudgha
Makhleb
Okawaru
Trog
Vehumet
Yredelemnul


Message History

The orc warrior is severely wounded.
You feel like a meek peon again.
The orc warrior hits you with a +0 hand axe.
5685 ||| INVOKING Heroism.
You gain the combat prowess of a mighty hero.
You can no longer gain great but temporary skills.
The orc warrior barely misses you. You furiously retaliate!
You headbutt the orc warrior. You shoot a bolt. The bolt hits the orc warrior.
The orc warrior is almost dead.
The orc warrior hits you with a +0 hand axe!
An orc priest comes into view. It is wielding a +0 dagger.
You shoot a bolt. The bolt barely misses the orc warrior.
The orc barely misses you.
The orc warrior hits you with a +0 hand axe.
The orc completely misses you.
The orc warrior hits you with a +0 hand axe!
You shoot a bolt.
The bolt hits the orc warrior but does no damage.
The orc warrior is almost dead.
The orc hits you with a +0 hand axe.
You shoot a bolt.
The bolt closely misses the orc warrior.
The orc warrior hits you with a +0 hand axe!
The orc closely misses you.
A sky beast comes into view.
You shoot a bolt.
The bolt closely misses the orc warrior.
The orc priest closely misses you. The orc closely misses you.
The orc warrior hits you with a +0 hand axe.
The orc warrior hits you with a +0 hand axe!
The orc hits you with a +0 hand axe.
The sky beast flickers out of sight!
Deactivating autopickup; reactivate with Ctrl-A.
The orc priest calls upon Beogh to heal the orc warrior.
The orc warrior is healed somewhat.
5691 ||| READING 3 scrolls of teleportation.
As you read the scroll of teleportation, it crumbles to dust.
You feel strangely unstable.
The orc warrior hits you with a +0 hand axe!
You die...

............######.#
..................# .
..........######## .<
###........##.#.... ...
.....####.......###
..#.#####..........#####
........................
.....{o..############.#.
#.. ... ..#...o@.#
####.#. #.. ..# #....o.#
..#.#. .#.. ..# #......#
#.# ####.#... .#.# #.##
#......# #.# #........
.#.###..## #......# #.#
#.##..### .........#
#......###.# #.#......
.#######.# #.......##.#
#.#...### .#.....#.#
#.......##.# #.#....#
.#.....#.###.......##.#
#.#....##


You could see an orc warrior, an orc priest and an orc.

Vanquished Creatures
  A steam dragon (D:6)
  An ice beast (D:5)
  2 centaurs
  3 phantoms
  A gnoll sergeant (D:6)
  4 scorpions
  2 hounds (D:5)
  2 jellies (D:6)
  An iguana (D:4)
  4 orc wizards
  4 gnolls
  2 adders
  An ufetubus (D:5)
  A worm (D:4)
  4 dart slugs
  11 orcs
  5 endoplasms
  2 giant cockroaches (D:4)
  11 hobgoblins
  5 jackals
  3 quokkas
  4 ball pythons
  7 bats
  2 frilled lizards
  6 goblins
  13 kobolds
  5 rats
107 creatures vanquished.

Vanquished Creatures (others)
  A human (D:3)
1 creature vanquished.

Grand Total: 108 creatures vanquished

Notes
Turn   | Place    | Note
-------+----------+-------------------------------------------
     0 | D:1      | qw the Minotaur Hexslinger began the quest for the Orb.
     0 | D:1      | Reached XP level 1. HP: 16/16 MP: 1/1
     0 | D:1      | 0 ||| qw: Version: 0.3-a-35-g05ef00e
     0 | D:1      | 0 ||| qw: Game counter: 7766
     0 | D:1      | 0 ||| qw: Melee chars always use a shield: true
     0 | D:1      | 0 ||| qw: God list: Okawaru
     0 | D:1      | 0 ||| qw: Allow faded altars: false
     0 | D:1      | 0 ||| qw: Do Orc after clearing Dungeon:15 true
     0 | D:1      | 0 ||| qw: Do second Lair branch before Depths: true
     0 | D:1      | 0 ||| qw: Lair rune preference: random
     0 | D:1      | 0 ||| qw: Goals: Normal
     0 | D:1      | 0 ||| PLANNING D:1-11
    50 | D:1      | 50 ||| READING scroll labelled RYCIWO JUBAVI.
    51 | D:1      | 51 ||| DROPPING scroll of poison.
   120 | D:1      | 120 ||| READING scroll of enchant weapon.
   120 | D:1      | 120 ||| ENCHANTING +2 sling.
   142 | D:1      | Reached skill level 3 in Ranged Weapons
   142 | D:1      | Reached XP level 2. HP: 23/23 MP: 2/2
   356 | D:1      | Found a faded altar of an unknown god.
   417 | D:1      | 417 ||| READING 2 scrolls labelled NUFIYR FUOGH.
   418 | D:1      | 418 ||| READING scroll labelled KOGEBA URIG.
   420 | D:1      | 420 ||| FLEEEEING.
   693 | D:1      | 693 ||| READING scroll labelled FAREZODDAU.
   839 | D:2      | Reached XP level 3. HP: 29/29 MP: 3/3
  1118 | D:2      | Reached skill level 4 in Ranged Weapons
  1318 | D:2      | 1318 ||| UPGRADING to +0 leather armour.
  1328 | D:2      | 1328 ||| DROPPING +0 robe.
  1329 | D:2      | 1329 ||| DROPPING +6 ring of intelligence.
  1330 | D:2      | 1330 ||| READING scroll labelled RULOL UGYL.
  1331 | D:2      | 1331 ||| READING scroll labelled MANALU PIHA.
  1332 | D:2      | 1332 ||| READING scroll labelled BIADGH TUETHUAGG.
  1333 | D:2      | 1333 ||| DRINKING 2 white potions.
  1334 | D:2      | 1334 ||| DRINKING 2 pink potions.
  1334 | D:2      | Gained mutation: You are resistant to electric shocks.
                  | (rElec) [potion of mutation]
  1334 | D:2      | Gained mutation: You are strong-willed. (Will+) [potion of
                  | mutation]
  1442 | D:3      | 1442 ||| SWAPPING to +0 arbalest.
  1446 | D:3      | 1446 ||| DROPPING +3 sling of chaos.
  1453 | D:3      | Found an ancient bone altar of Kikubaaqudgha.
  1461 | D:3      | Noticed a human
  1462 | D:3      | Killed a human
  1503 | D:3      | 1503 ||| FLEEEEING.
  1507 | D:3      | 1507 ||| FLEEEEING.
  1508 | D:3      | 1508 ||| FLEEEEING.
  1509 | D:3      | 1509 ||| FLEEEEING.
  1510 | D:3      | 1510 ||| FLEEEEING.
  1511 | D:3      | 1511 ||| FLEEEEING.
  1512 | D:3      | 1512 ||| FLEEEEING.
  1513 | D:3      | 1513 ||| FLEEEEING.
  1514 | D:3      | 1514 ||| FLEEEEING.
  1515 | D:3      | 1515 ||| FLEEEEING.
  1516 | D:3      | 1516 ||| FLEEEEING.
  1517 | D:3      | 1517 ||| FLEEEEING.
  1523 | D:3      | 1523 ||| FLEEEEING.
  1524 | D:3      | 1524 ||| FLEEEEING.
  1525 | D:3      | 1525 ||| FLEEEEING.
  1526 | D:3      | 1526 ||| FLEEEEING.
  1532 | D:3      | 1532 ||| FLEEEEING.
  1533 | D:3      | 1533 ||| FLEEEEING.
  1534 | D:3      | 1534 ||| STAIRDANCE
  1573 | D:3      | Reached XP level 4. HP: 31/36 MP: 4/4
  1631 | D:3      | Reached skill level 5 in Ranged Weapons
  1991 | D:3      | 1991 ||| Stepping ~*~*~tactically~*~*~ (outnumbered).
  1992 | D:3      | 1992 ||| Stepping ~*~*~tactically~*~*~ (outnumbered).
  2024 | D:3      | Found an iron altar of Okawaru.
  2025 | D:3      | 2025 ||| PLANNING OKAWARU WORSHIP
  2025 | D:3      | 2025 ||| UPGRADING to ring of positive energy.
  2026 | D:3      | 2026 ||| READING scroll labelled YSUWUL DUUFAXTU.
  2027 | D:3      | 2027 ||| READING scroll labelled FOCO TOUCIMERGH.
  2035 | D:3      | Became a worshipper of Warmaster Okawaru
  2036 | D:3      | 2036 ||| PLANNING D:1-11
  2088 | D:4      | Reached skill level 3 in Fighting
  2143 | D:4      | Noticed a phantom
  2148 | D:4      | Noticed a phantom
  2154 | D:4      | Killed a phantom
  2155 | D:4      | Reached XP level 5. HP: 39/45 MP: 5/5
  2155 | D:4      | 2155 ||| FLEEEEING.
  2156 | D:4      | 2156 ||| FLEEEEING.
  2157 | D:4      | 2157 ||| FLEEEEING.
  2158 | D:4      | 2158 ||| FLEEEEING.
  2159 | D:4      | 2159 ||| FLEEEEING.
  2160 | D:4      | 2160 ||| FLEEEEING.
  2161 | D:4      | 2161 ||| FLEEEEING.
  2162 | D:4      | 2162 ||| FLEEEEING.
  2168 | D:4      | Killed a phantom
  2168 | D:4      | Reached * piety under Okawaru
  2169 | D:4      | Reached skill level 6 in Ranged Weapons
  2169 | D:4      | Reached XP level 6. HP: 36/51 MP: 6/6
  2341 | D:4      | Reached skill level 1 in Invocations
  2394 | D:4      | 2394 ||| READING scroll of enchant weapon.
  2394 | D:4      | 2394 ||| ENCHANTING +0 arbalest.
  3305 | D:4      | 3305 ||| UPGRADING to +0 ring mail.
  3315 | D:4      | 3315 ||| DROPPING +0 leather armour.
  3316 | D:4      | 3316 ||| READING 2 scrolls labelled XALEREEKOLA.
  3317 | D:4      | 3317 ||| DROPPING scroll of immolation.
  3332 | D:5      | Entered Level 5 of the Dungeon
  3405 | D:5      | Reached skill level 1 in Armour
  3482 | D:5      | Found a basalt altar of Yredelemnul.
  3516 | D:5      | You fall into a shaft and drop 1 floor!
  3516 | D:6      | Found a white marble altar of Elyvilon.
  3517 | D:6      | 3517 ||| PLANNING SEWER
  3557 | D:6      | 3557 ||| INVOKING Heroism.
  3558 | D:6      | HP: 7/52 [centaur/arrow (15)]
  3559 | D:6      | 3559 ||| READING 2 scrolls of teleportation.
  3560 | D:6      | HP: 1/52 [centaur/arrow (4)]
  3794 | D:6      | Found a radiant altar of Vehumet.
  3795 | D:6      | 3795 ||| INVOKING Heroism.
  3800 | D:6      | Reached XP level 7. HP: 53/59 MP: 4/7
  3809 | D:6      | Reached skill level 3 in Invocations
  3809 | D:6      | 3809 ||| FLEEEEING.
  3810 | D:6      | 3810 ||| FLEEEEING.
  3811 | D:6      | 3811 ||| FLEEEEING.
  3812 | D:6      | 3812 ||| FLEEEEING.
  3813 | D:6      | 3813 ||| FLEEEEING.
  3814 | D:6      | 3814 ||| FLEEEEING.
  3815 | D:6      | 3815 ||| FLEEEEING.
  3816 | D:6      | 3816 ||| FLEEEEING.
  3817 | D:6      | 3817 ||| FLEEEEING.
  3818 | D:6      | 3818 ||| FLEEEEING.
  3819 | D:6      | 3819 ||| FLEEEEING.
  3820 | D:6      | 3820 ||| FLEEEEING.
  3821 | D:6      | 3821 ||| FLEEEEING.
  3822 | D:6      | 3822 ||| FLEEEEING.
  3823 | D:6      | 3823 ||| FLEEEEING.
  3824 | D:6      | 3824 ||| FLEEEEING.
  3825 | D:6      | 3825 ||| FLEEEEING.
  3826 | D:6      | 3826 ||| FLEEEEING.
  3827 | D:6      | 3827 ||| FLEEEEING.
  3828 | D:6      | 3828 ||| FLEEEEING.
  3829 | D:6      | 3829 ||| FLEEEEING.
  3830 | D:6      | 3830 ||| FLEEEEING.
  3831 | D:6      | 3831 ||| FLEEEEING.
  3832 | D:6      | 3832 ||| FLEEEEING.
  3833 | D:6      | 3833 ||| FLEEEEING.
  3834 | D:6      | 3834 ||| FLEEEEING.
  3835 | D:6      | 3835 ||| FLEEEEING.
  3836 | D:6      | 3836 ||| FLEEEEING.
  3838 | D:6      | 3838 ||| FLEEEEING.
  3839 | D:6      | 3839 ||| STAIRDANCE
  3871 | D:5      | 3871 ||| UPGRADING to +1 leather armour of cold resistance.
  3881 | D:5      | 3881 ||| DROPPING +0 ring mail.
  3884 | D:6      | 3884 ||| STAIRDANCE
  3923 | D:6      | 3923 ||| INVOKING Heroism.
  3927 | D:6      | Reached skill level 7 in Ranged Weapons
  4050 | D:6      | 4050 ||| INVOKING Heroism.
  4123 | D:6      | 4123 ||| FLEEEEING.
  4124 | D:6      | 4124 ||| FLEEEEING.
  4178 | D:6      | 4178 ||| RIP SEWER
  4179 | D:6      | 4179 ||| PLANNING D:1-11
  4179 | D:6      | 4179 ||| READING scroll labelled NUSSOL GEYC.
  4352 | D:5      | Reached skill level 8 in Ranged Weapons
  4377 | D:5      | Found a burning altar of Makhleb.
  4408 | D:5      | Found a bloodstained altar of Trog.
  4459 | D:5      | Found a staircase to the Ecumenical Temple.
  4790 | D:5      | 4790 ||| INVOKING Heroism.
  4933 | D:5      | 4933 ||| INVOKING Heroism.
  4936 | D:5      | Reached XP level 8. HP: 36/66 MP: 7/10
  5139 | D:5      | 5139 ||| Stepping ~*~*~tactically~*~*~ (outnumbered).
  5141 | D:5      | 5141 ||| Stepping ~*~*~tactically~*~*~ (outnumbered).
  5144 | D:5      | 5144 ||| Stepping ~*~*~tactically~*~*~ (outnumbered).
  5390 | D:5      | 5390 ||| UPGRADING to ring of positive energy.
  5391 | D:5      | 5391 ||| DRINKING 2 sedimented white potions.
  5392 | D:5      | 5392 ||| DROPPING potion of attraction.
  5433 | D:6      | 5433 ||| INVOKING Heroism.
  5435 | D:6      | 5435 ||| Stepping ~*~*~tactically~*~*~ (cloud).
  5652 | D:6      | 5652 ||| INVOKING Heroism.
  5675 | D:6      | 5675 ||| INVOKING Heroism.
  5685 | D:6      | 5685 ||| INVOKING Heroism.
  5690 | D:6      | HP: 9/68 [orc warrior/+0 hand axe (10)]
  5691 | D:6      | 5691 ||| READING 3 scrolls of teleportation.
  5691 | D:6      | Mangled by an orc warrior

Levels and vault maps discovered:
D:1:      eino_arrival_druids_welcome, layout_basic, serial_glass,
          glass_columns_a, glass_columns_b, glass_columns_b, glass_columns_c,
          glass_columns_c, glass_columns_a, item_on_display_a,
          minmay_strange_pillars, due_unseen_surprise, feat_on_display,
          shapermc_ecumenical_altar_hornbeckon
D:2:      layout_loops_cross, minmay_crystal_room
D:3:      layout_loops_ring, okawaru_altar_gauntlet_db, tgw_kikubaaqudgha
D:4:      layout_layer_cave, minmay_misc_feat_plants,
          minmay_misc_feat_four_crosses
D:5:      layout_cave_pods, yredelemnul_altar_generic,
          mainiacjoe_overflow_two_lobes, minmay_temple_entry_statues
D:6:      layout_basic, amcnicky_altar_gilded, mainiacjoe_overflow_brackets,
          cheibrodos_sewer_entry_bend

Skill      XL: |  1  2  3  4  5  6  7  8 |
---------------+-------------------------+-----
Ranged Weapons | 3 4 5 6 8 |  8.2
Fighting       | 2 3 4 5 |  5.2
Invocations    | 2 4 |  4.0
Armour         | 1 |  1.3
Dodging        | 4 |  4.1
Spellcasting   | |  1.0
Hexes          | |  2.0

Action                     |  1- 3 |  4- 6 |  7- 9 || total
---------------------------+-------+-------+-------++-------
   Fire: Sling             |    81 |       |       ||    81
         Arbalest          |    16 |   102 |    88 ||   206
 Invoke: Heroism           |       |     2 |     8 ||    10
    Use: Scroll            |     8 |     5 |     2 ||    15
         Potion            |     2 |       |     1 ||     3
 Armour: Leather armour    |     6 |    18 |     6 ||    30
  Dodge: Dodged            |    13 |    34 |    43 ||    90

Table legend:
 A = Non-vault XP
 B = Vault XP
 C = Vault XP percentage of total XP
 D = Non-vault monster count
 E = Vault monster count
 F = Vault count percentage of total count
                 A         B        C        D         E       F
            +---------+---------+-------+---------+---------+-------
      Total |    1829 |      24 |   1.3 |     101 |       6 |   5.6
            +---------+---------+-------+---------+---------+-------
        D:1 |      36 |       0 |   0.0 |      20 |       0 |   0.0
        D:2 |      42 |       0 |   0.0 |      18 |       0 |   0.0
        D:3 |      65 |      24 |  27.0 |      17 |       6 |  26.1
        D:4 |     375 |       0 |   0.0 |      20 |       0 |   0.0
        D:5 |     739 |       0 |   0.0 |      14 |       0 |   0.0
        D:6 |     572 |       0 |   0.0 |      12 |       0 |   0.0
            +---------+---------+-------+---------+---------+-------
